 Dungeon Crawl Stone Soup version 0.21.1-1-g345015f (webtiles) character file.

139 torrenera the Skirmisher (level 5, -1/55 HPs)
             Began as an Ogre Fire Elementalist on Apr 10, 2018.
             Slain by a gnoll
             ... wielding a +0 spear
              (3 damage)
             ... on level 3 of the Dungeon.
             The game lasted 00:04:45 (2357 turns).

torrenera the Skirmisher (Ogre Fire Elementalist)   Turns: 2357, Time: 00:04:45

Health: -1/55      AC:  3    Str: 18    XL:     5   Next: 22%
Magic:  4/8        EV: 10    Int: 16    God:
Gold:   112        SH:  0    Dex:  9    Spells: 2/8 levels left

rFire    . . .     SeeInvis .   d - +0 whip
rCold    . . .     Gourm    .   (no shield)
rNeg     + . .     Faith    .   a - +0 robe
rPois    .         Spirit   .   (helmet restricted)
rElec    .         Reflect  .   (no cloak)
rCorr    .         Harm     .   (gloves unavailable)
MR       .....                  (boots unavailable)
Stlth    +.........             (no amulet)
HPRegen  0.18/turn              f - ring of positive energy (curse)
MPRegen  0.11/turn              (no ring)

@: mighty
A: large, unfitting armour, tough skin 1
a: no special abilities


You were on level 3 of the Dungeon.
You were not hungry.

You visited 1 branch of the dungeon, and saw 3 of its levels.

You collected 112 gold pieces.

Inventory:

Hand Weapons
 d - a +0 whip (weapon)
 t - a +3 whip
Missiles
 e - 99 stones (quivered)
 g - 7 poisoned needles
 h - 28 sling bullets
Armour
 a - a +0 robe (worn)
Jewellery
 f - a cursed ring of positive energy (left hand)
 j - an uncursed ring of wizardry {unknown}
Scrolls
 k - 3 scrolls of teleportation {unknown}
 l - a scroll of remove curse {unknown}
 n - 2 scrolls of identify {unknown}
 p - 3 scrolls of random uselessness {unknown}
 q - a scroll of fog {unknown}
 r - a scroll of enchant armour {unknown}
Potions
 m - a potion of invisibility {unknown}
 s - a potion of might
Books
 b - a book of Flames

   Spells                             Type                      Level
   a - Flame Tongue                   Conjuration/Fire             1
   b - Throw Flame                    Conjuration/Fire             2
   c - Conjure Flame                  Conjuration/Fire             3
   d - Inner Flame                    Hexes/Fire                   3
   e - Sticky Flame                   Conjuration/Fire             4
   f - Fireball                       Conjuration/Fire             5
Comestibles
 c - 4 rations
 i - 4 chunks of flesh


   Skills:
 + Level 4.8 Fighting
 + Level 2.4 Maces & Flails
 - Level 1.7 Dodging
 - Level 1.4 Stealth
 - Level 2.4 Spellcasting
 - Level 0.8 Conjurations
 - Level 2.6 Fire Magic


You had 2 spell levels left.
You knew the following spells:

 Your Spells              Type           Power        Failure   Level  Hunger
a - Flame Tongue          Conj/Fire      #....        10%         1    #......
b - Throw Flame           Conj/Fire      #.....       14%         2    ###....
c - Conjure Flame         Conj/Fire      #.......     28%         3    ###....


Dungeon Overview and Level Annotations

Branches:
Dungeon (3/15)

Altars:
Elyvilon
Hepliaklqana
Nemelex Xobeh
Vehumet


Innate Abilities, Weirdness & Mutations

You are too large for most types of armour.
You have tough skin. (AC +1)


Message History

a potion of curing; a dented emerald amulet You feel better.
The gnoll hits you from afar with a spear.
* * * LOW HITPOINT WARNING * * *
The gnoll hits you from afar with a spear!
* * * LOW HITPOINT WARNING * * *
Casting: Flame Tongue
Confirm with . or Enter, or press ? or * to list all spells.
Aiming: Flame Tongue
Press: ? - help, Shift-Dir - straight line, f/p - gnoll
Aim: a gnoll, wielding a spear (moderately wounded)
The flame tongue hits the gnoll.
The gnoll is moderately wounded.
The gnoll hits you from afar with a spear.
* * * LOW HITPOINT WARNING * * *
It was a potion of might.
You feel very mighty all of a sudden. The gnoll barely misses you.
The gnoll hits you with a spear.
You die...

.... ...# ...# #.!# .#
#..# .# .. ###.# .#
..#.###!.!# .#
...%...g#.######.#
....##.@#........####.
.. #..#####.........
........######..##### .
...........###...######.
.##.##.........#........
#.. ####......#........
#.. #............... ..
##...........###.
#.........##.# #.


You could see a gnoll.

Vanquished Creatures
  4 gnolls
  5 adders
  A worm (D:2)
  5 dart slugs (D:1)
  5 bats
  2 giant cockroaches
  4 goblins
  5 hobgoblins
  8 kobolds
  A quokka (D:3)
  3 frilled lizards
  6 rats
49 creatures vanquished.

Notes
Turn   | Place    | Note
-------+----------+-------------------------------------------
     0 | D:1      | torrenera the Ogre Fire Elementalist began the quest for the Orb.
     0 | D:1      | Reached XP level 1. HP: 16/16 MP: 3/3
    55 | D:1      | Reached skill level 1 in Fighting
   263 | D:1      | Reached skill level 2 in Fighting
   263 | D:1      | Reached XP level 2. HP: 28/28 MP: 5/5
   395 | D:1      | Reached skill level 3 in Fighting
   395 | D:1      | Reached XP level 3. HP: 5/37 MP: 1/6
  1411 | D:2      | Reached skill level 1 in Maces & Flails
  1466 | D:2      | Learned a level 2 spell: Throw Flame
  1470 | D:2      | Learned a level 3 spell: Conjure Flame
  1517 | D:2      | Reached skill level 4 in Fighting
  1583 | D:2      | Reached XP level 4. HP: 48/48 MP: 3/7
  1828 | D:2      | Found a white marble altar of Elyvilon.
  1832 | D:2      | Found a radiant altar of Vehumet.
  2134 | D:3      | Reached XP level 5. HP: 41/55 MP: 0/8
  2149 | D:2      | Found a hazy altar of Hepliaklqana.
  2149 | D:2      | Found a sparkling altar of Nemelex Xobeh.
  2321 | D:3      | HP: 2/55 [gnoll/spear (9)]
  2355 | D:3      | HP: 2/55 [gnoll/spear (3)]
  2357 | D:3      | Slain by a gnoll

Skill      XL: |  1  2  3  4 |
---------------+-------------+-----
Fighting       | 2 3 4 |  4.8
Maces & Flails | 1 2 |  2.4
Dodging        | |  1.7
Stealth        | |  1.4
Spellcasting   | |  2.4
Conjurations   | |  0.8
Fire Magic     | |  2.6

Action                   |  1- 3 |  4- 6 || total
-------------------------+-------+-------++-------
Melee: Unarmed           |    10 |       ||    10
       Whip              |   105 |    15 ||   120
Throw: Stone             |       |     2 ||     2
 Cast: Flame Tongue      |    20 |    37 ||    57
  Use: Potion            |       |     3 ||     3
 Stab: Sleeping          |     3 |     2 ||     5
  Eat: Chunk             |     3 |     2 ||     5
Armor: Robe              |    39 |     6 ||    45
Dodge: Dodged            |    67 |    17 ||    84
